 Dungeon Sprint DCSS version 0.21.0-25-ge575cb9ce8 (webtiles) character file.

2692 Kepler the Fencer (level 9, -1/81 HPs)
             Began as a Barachi Fighter on Jan 26, 2018.
             Was an Elder of Trog.
             Slain by a water moccasin (8 damage)
             ... in the Dungeon (Sprint IX: "|||||||||||||||||||||||||||||").
             The game lasted 00:01:59 (810 turns).

Kepler the Fencer (Barachi Fighter)                  Turns: 810, Time: 00:02:00

Health: -1/81      AC: 16    Str: 17    XL:     9   Next: 65%
Magic:  9/9        EV: 12    Int: 10    God:    Trog [****..]
Gold:   12         SH: 11    Dex: 14    Spells: 8/8 levels left

rFire    . . .     SeeInvis .   o - +2 scimitar (flame)
rCold    . . .     Gourm    .   c - +0 shield
rNeg     . . .     Faith    .   r - +1 scale mail
rPois    .         Spirit   .   (no helmet)
rElec    .         Reflect  .   q - +0 cloak
rCorr    .         Harm     .   (no gloves)
MR       ++...     NoTele   +   p - +0 pair of boots
Stlth    ..........             (no amulet)
HPRegen  1.23/turn              t - +2 ring of protection
MPRegen  0.11/turn              s - +2 ring of protection

@: berserk cooldown, regenerating, slowed, very slow
A: +LOS, swims, slowness 1, strong legs 1
a: Hop, Berserk, Trog's Hand, Brothers in Arms, Burn Spellbooks, Renounce
Religion


You were in the Dungeon.
You worshipped Trog.
Trog was greatly pleased with you.
You were not hungry.

You visited 1 branch You collected 12 gold pieces.

Inventory:

Hand Weapons
 o - a +2 scimitar of flaming (weapon)
Armour
 c - a +0 shield (worn)
 p - a +0 pair of boots (worn)
 q - a +0 cloak (worn)
 r - a +1 scale mail (worn)
Jewellery
 s - a +2 ring of protection (right hand)
 t - a +2 ring of protection (left hand)
Wands
 n - a wand of iceblast (10)
Scrolls
 d - a scroll of identify
 k - 5 scrolls of blinking
 l - 4 scrolls of remove curse
 m - 2 scrolls of amnesia
 u - 2 scrolls of enchant armour
Potions
 a - a potion of berserk rage
 b - a potion of brilliance
 e - a potion of invisibility
 g - 2 potions of heal wounds
 h - 2 potions of haste
 i - 4 potions of magic
 j - 4 potions of curing


   Skills:
 + Level 11.1 Fighting
 + Level 17.8 Long Blades
 + Level 9.6 Armour
 + Level 6.4 Dodging
 + Level 8.5 Shields


You had 8 spell levels left.
You didn't know any spells.

Dungeon Overview and Level Annotations

Branches:
Dungeon (1/1)

Altars:
Cheibriados
Dithmenos
Elyvilon
Fedhas
Gozag
Hepliaklqana
Kikubaaqudgha
Makhleb
Nemelex Xobeh
Okawaru
Qazlal
Ru
Sif Muna
Trog
Uskayaw
Vehumet
Wu Jian
Xom
Yredelemnul
Zin
The Shining One
Beogh
Jiyva
Lugonu


Innate Abilities, Weirdness & Mutations

Shadows flee at your approach. (+LOS)
You can swim through water.
You cover ground slowly.
You can hop short distances.


Message History

You hit the komodo dragon but do no damage.
The komodo dragon is almost dead.
The komodo dragon closely misses you.
You riposte.
You barely miss the komodo dragon.
The komodo dragon is almost dead.
You barely miss the komodo dragon.
The komodo dragon is almost dead.
You block the komodo dragon's attack. The komodo dragon bites you!
* * * LOW HITPOINT WARNING * * *
You barely miss the komodo dragon.
The komodo dragon is almost dead.
The komodo dragon bites you but does no damage.
You slash the komodo dragon! You burn the komodo dragon.
You kill the komodo dragon!
Trog accepts your kill. Something appears at your feet!
Trog grants you ammunition!
Your Fighting skill increases to level 11!
The water moccasin bites you!
You die...

▓_▓.▓.▓
▓_▓.▓.▓
▓_▓.▓.▓
▓_▓.▓.▓
▓_▓.▓D▓
▓_▓.▓k▓
▓_▓.▓S▓
▓_▓.▓S▓
▓_▓.▓@▓
▓_▓.▓†▓
▓_▓.▓.▓
▓_▓.▓.▓
▓_▓.▓.▓
▓_▓.▓.▓
▓'▓.▓.▓
▓.▓.▓)▓
▓.▓.▓.▓


You could see a seven-headed hydra, a lindwurm and 2 water moccasins.

Vanquished Creatures
  A hydra (D)
  An ugly thing (D)
  A komodo dragon (D)
  A slime creature (D)
  2 yaks (D)
  An acid dragon (D)
  A water moccasin (D)
  2 porcupines (D)
  2 orc warriors (D)
  An ogre (D)
  2 bullfrogs (D)
  A killer bee (D)
  A crimson imp (D)
  A hound (D)
  An orc (D)
  2 bats (D)
  A bat skeleton (D)
  A goblin (D)
  A hobgoblin (D)
  A jackal (D)
  A ball python skeleton (D)
  A quokka skeleton (D)
27 creatures vanquished.

Notes
Turn   | Place    | Note
-------+----------+-------------------------------------------
     0 | D        | Kepler the Barachi Fighter began the quest for the Orb.
     0 | D        | Reached XP level 1. HP: 18/18 MP: 1/1
     5 | D        | Reached skill level 3 in Long Blades
    10 | D        | Reached skill level 4 in Long Blades
    19 | D        | Reached skill level 5 in Long Blades
    85 | D        | Noticed a hound
    85 | D        | Noticed a water moccasin
    90 | D        | Killed a water moccasin
    90 | D        | Reached skill level 11 in Long Blades
    90 | D        | Reached XP level 2. HP: 6/24 MP: 2/2
    90 | D        | Reached XP level 3. HP: 7/29 MP: 3/3
    90 | D        | Reached XP level 4. HP: 9/36 MP: 4/4
    99 | D        | HP: 2/54 [hound (3)]
   101 | D        | Reached skill level 12 in Long Blades
   101 | D        | Reached XP level 5. HP: 2/41 MP: 5/5
   340 | D        | Found a roughly hewn altar of Beogh.
   340 | D        | Found a snail-covered altar of Cheibriados.
   340 | D        | Found a shadowy altar of Dithmenos.
   340 | D        | Found a white marble altar of Elyvilon.
   340 | D        | Found a blossoming altar of Fedhas.
   340 | D        | Found an opulent altar of Gozag.
   340 | D        | Found a hazy altar of Hepliaklqana.
   341 | D        | Found a viscous altar of Jiyva.
   342 | D        | Found an ancient bone altar of Kikubaaqudgha.
   343 | D        | Found a corrupted altar of Lugonu.
   344 | D        | Found a burning altar of Makhleb.
   345 | D        | Found a sparkling altar of Nemelex Xobeh.
   346 | D        | Found an iron altar of Okawaru.
   347 | D        | Found a stormy altar of Qazlal.
   348 | D        | Found a sacrificial altar of Ru.
   349 | D        | Found a deep blue altar of Sif Muna.
   350 | D        | Found a bloodstained altar of Trog.
   351 | D        | Found a hide-covered altar of Uskayaw.
   352 | D        | Found a radiant altar of Vehumet.
   353 | D        | Found an ornate altar of the Wu Jian Council.
   354 | D        | Found a shimmering altar of Xom.
   355 | D        | Found a basalt altar of Yredelemnul.
   356 | D        | Found a glowing silver altar of Zin.
   357 | D        | Found a glowing golden altar of the Shining One.
   411 | D        | Noticed an orc warrior
   411 | D        | Noticed a yak
   411 | D        | Noticed an orc warrior
   427 | D        | Became a worshipper of Trog the Wrathful
   431 | D        | Killed an orc warrior
   431 | D        | Reached skill level 5 in Fighting
   431 | D        | Reached skill level 1 in Dodging
   431 | D        | Reached XP level 6. HP: 37/51 MP: 6/6
   445 | D        | Killed a yak
   445 | D        | Reached skill level 13 in Long Blades
   445 | D        | Reached skill level 5 in Armour
   445 | D        | Reached skill level 5 in Shields
   449 | D        | Killed an orc warrior
   449 | D        | Reached * piety under Trog
   449 | D        | Reached skill level 14 in Long Blades
   449 | D        | Reached XP level 7. HP: 4/60 MP: 7/7
   490 | D        | Reached ** piety under Trog
   613 | D        | Noticed a slime creature
   613 | D        | Noticed a brown ugly thing
   621 | D        | Killed a brown ugly thing
   621 | D        | Reached skill level 15 in Long Blades
   621 | D        | Reached XP level 8. HP: 70/70 MP: 8/8
   626 | D        | Killed a slime creature
   632 | D        | Reached *** piety under Trog
   632 | D        | Reached skill level 16 in Long Blades
   774 | D        | Noticed a komodo dragon
   774 | D        | Noticed a six-headed hydra
   774 | D        | Noticed a yak
   781 | D        | Noticed a lindwurm
   782 | D        | Noticed a seven-headed hydra
   785 | D        | Killed a three-headed hydra
   785 | D        | Reached **** piety under Trog
   785 | D        | Reached skill level 10 in Fighting
   785 | D        | Reached skill level 17 in Long Blades
   785 | D        | Reached skill level 5 in Dodging
   785 | D        | Reached XP level 9. HP: 79/79 MP: 9/9
   810 | D        | Killed a komodo dragon
   810 | D        | Received a gift from Trog
   810 | D        | Slain by a water moccasin

Skill      XL: |  1  2  3  4  5  6  7  8  9 |
---------------+----------------------------+-----
Long Blades    | 11 12 14 15 17 | 17.8
Fighting       | 5 7 8 10 11 | 11.1
Armour         | 4 6 7 9 |  9.6
Dodging        | 1 2 3 5 6 |  6.4
Shields        | 4 5 7 8 |  8.5

Action                   |  1- 3 |  4- 6 |  7- 9 || total
-------------------------+-------+-------+-------++-------
Melee: Long sword        |    20 |    11 |       ||    31
       Scimitar          |       |    21 |    68 ||    89
Invok: Berserk           |       |       |     3 ||     3
       Trog's Hand       |       |       |     1 ||     1
 Abil: Hop               |       |     1 |       ||     1
  Use: Potion            |     1 |     2 |     1 ||     4
  Eat: Ration            |       |       |     1 ||     1
Armor: Scale mail        |    11 |     6 |    17 ||    34
Dodge: Dodged            |     4 |     7 |    21 ||    32
Block: Shield            |     9 |     5 |    21 ||    35
       Rpst.: Long sword |     2 |       |       ||     2
       Scimitar          |       |     4 |     5 ||     9
